Map: [ESL] Crimson Court

Players

Serral - Winner!

  • Race: Zerg Zerg
  • Spawn Location: 1:00

Nice

  • Race: Protoss Protoss
  • Spawn Location: 7:00

VOD

Have the link to the VOD?

Description

Time

  • Played on: May 31, 2024, 3:24 p.m.
  • Length: 8:31
Show
View Real Time Build Order
Export as new Build Order

Serral Zerg - Winner!

Build Orders: Hatch First 

Get SALT Encoding   

  12  0:00  Drone  
  13  0:12  Overlord  
  13  0:17  Drone  
  14  0:30  Drone x2  
  16  0:48  Hatchery  
  15  0:51  Drone  
  15  0:55  Drone  
  17  0:58  Drone  
  18  1:09  Extractor  
  17  1:13  Spawning Pool  
  17  1:16  Drone  
  17  1:19  Drone  
  18  1:27  Drone  
  19  1:38  Drone  
  20  1:49  Overlord  
  20  1:59  Queen x2  
  20  2:00  Zergling x2  
  20  2:01  Zergling x2  
  26  2:08  Metabolic Boost  
  26  2:10  Drone  
  26  2:11  Drone  
  28  2:22  Drone x2  
  30  2:33  Hatchery  
  30  2:34  Drone  
  30  2:37  Drone  
  31  2:42  Overlord  
  31  2:48  Queen  
  31  2:51  Drone  
  34  2:53  Drone  
  34  2:55  Drone  
  36  3:02  Queen  
  36  3:05  Overlord  
  38  3:10  Drone  
  38  3:12  Drone x2  
  41  3:13  Drone  
  41  3:15  Drone  
  43  3:20  Drone  
  43  3:24  Queen  
  43  3:26  Overlord  
  46  3:31  Drone  
  47  3:38  Drone  
  48  3:41  Queen  
  48  3:43  Drone x2  
  51  3:49  Drone x3, Roach Warren  
  51  3:55  Zergling x2  
  54  3:56  Zergling x2  
  54  3:57  Zergling x6  
  54  4:02  Overlord  
  58  4:07  Spore Crawler, Zergling x4  
  59  4:15  Zergling x8  
  63  4:17  Overlord  
  63  4:21  Overlord  
  63  4:25  Zergling x2  
  63  4:27  Overlord  
  64  4:41  Drone x3  
  64  4:42  Drone x5  
  64  4:43  Drone  
  68  4:46  Drone  
  68  4:51  Drone  
  69  4:53  Drone  
  69  4:55  Drone  
  69  4:59  Drone x3  
  73  5:03  Drone  
  73  5:04  Drone x2  
  75  5:12  Overlord  
  77  5:14  Lair  
  77  5:17  Spore Crawler x2, Drone  
  77  5:18  Drone  
  77  5:19  Drone  
  76  5:23  Drone x2  
  78  5:29  Drone x6  
  78  5:30  Extractor  
  78  5:31  Extractor  
  78  5:32  Overlord  
  82  5:40  Hatchery  
  82  5:42  Drone x3  
  84  5:45  Drone x3  
  87  5:50  Evolution Chamber, Extractor x2  
  87  5:51  Drone  
  87  5:55  Overlord  
  87  5:56  Drone x5  
  90  5:58  Overlord  
  90  6:05  Roach x3  
  90  6:06  Roach  
  97  6:12  Roach x3  
  97  6:14  Glial Reconstitution  
  97  6:16  Overseer  
  101  6:19  Roach x3  
  107  6:30  Roach x3  
  107  6:31  Roach x4  
  120  6:35  Zerg Missile Weapons Level 1  
  120  6:36  Overlord x2  
  120  6:43  Pneumatized Carapace, Overlord x2  
  120  6:46  Overlord x2  
  120  6:48  Unknown  
  120  6:49  Overlord  
  120  6:54  Queen  
  119  6:57  Drone  
  119  7:00  Spore Crawler  
  119  7:01  Roach x4  
  129  7:06  Roach x3  
  135  7:10  Roach x3  
  135  7:15  Zergling x8  
  145  7:18  Zergling x6  
  147  7:23  Zergling x10  
  147  7:24  Zergling x2  
  153  7:30  Roach x2, Zergling x6  
  153  7:31  Zergling x2  
  153  7:34  Ravager  
  153  7:35  Ravager x6  
  168  7:37  Zergling x6  
  168  7:43  Roach x3  
  183  7:51  Roach x3  
  183  7:53  Overlord x2  
  183  7:58  Infestation Pit  
  176  8:07  Zergling x22  
Show
View Real Time Build Order
Export as new Build Order

Nice Protoss 

Build Orders: 1 Gate Expand, Oracle Opening 

Get SALT Encoding   

  12  0:00  Probe  
  13  0:12  Probe  
  14  0:18  Pylon  
  14  0:24  Probe  
  14  0:27  Assimilator  
  15  0:36  Probe (Chrono Boost)  
  16  0:43  Gateway  
  16  0:49  Probe (Chrono Boost)  
  17  0:55  Probe (Chrono Boost)  
  18  1:03  Probe  
  19  1:15  Probe  
  20  1:23  Nexus  
  20  1:32  Cybernetics Core  
  20  1:38  Assimilator  
  20  1:40  Probe  
  20  1:46  Pylon  
  21  1:52  Probe (Chrono Boost)  
  23  2:02  Probe (Chrono Boost)  
  23  2:06  Stalker (Chrono Boost)  
  23  2:07  Probe (Chrono Boost)  
  23  2:08  Warp Gate  
  26  2:19  Probe  
  26  2:22  Stargate  
  27  2:32  Stalker  
  27  2:34  Probe (Chrono Boost)  
  27  2:36  Probe (Chrono Boost)  
  32  2:46  Probe (Chrono Boost)  
  32  2:47  Probe (Chrono Boost)  
  32  2:51  Probe (Chrono Boost)  
  33  2:54  Gateway  
  34  3:05  Probe x2  
  36  3:07  Oracle (Chrono Boost)  
  39  3:17  Probe  
  40  3:23  Probe  
  40  3:25  Pylon  
  41  3:29  Probe  
  41  3:34  Oracle (Chrono Boost)  
  41  3:35  Probe  
  45  3:41  Probe  
  45  3:47  Probe  
  47  3:50  Nexus  
  47  3:52  Pylon  
  47  3:57  Probe  
  47  3:59  Probe  
  47  4:01  Oracle (Chrono Boost)  
  52  4:07  Pylon  
  52  4:14  Probe  
  52  4:16  Gateway  
  53  4:17  Gateway  
  53  4:23  Probe  
  54  4:25  Assimilator  
  54  4:26  Probe  
  54  4:28  Assimilator, Stalker  
  57  4:35  Probe, Oracle (Chrono Boost)  
  61  4:38  Probe  
  60  4:46  Shield Battery  
  60  4:47  Probe  
  60  4:52  Adept  
  60  4:55  Probe  
  60  4:59  Probe  
  63  5:07  Probe  
  63  5:09  Forge  
  63  5:10  Twilight Council  
  63  5:15  Pylon  
  63  5:16  Pylon  
  63  5:19  Pylon  
  63  5:25  Protoss Ground Weapons Level 1  
  63  5:26  Shield Battery  
  63  5:28  Nexus  
  63  5:29  Pylon  
  63  5:33  Probe x2, Oracle  
  68  5:40  Blink (Chrono Boost)  
  68  5:44  Pylon  
  68  5:45  Probe x2  
  68  5:49  Stalker x2  
  74  5:54  Stalker  
  76  5:57  Probe  
  76  5:59  Probe  
  78  6:09  Probe  
  78  6:11  Probe  
  80  6:16  Stalker x3  
  83  6:21  Probe  
  83  6:23  Probe  
  83  6:24  Shield Battery  
  85  6:33  Probe  
  85  6:35  Probe  
  87  6:40  Templar Archives  
  87  6:42  Stalker x3  
  87  6:45  Probe  
  94  6:47  Probe  
  94  6:50  Assimilator  
  94  6:51  Assimilator  
  94  6:54  Probe  
  96  6:58  Probe  
  96  6:59  Probe  
  98  7:04  Gateway  
  98  7:05  Gateway  
  98  7:06  Probe  
  99  7:10  Probe  
  99  7:11  Probe  
  99  7:13  Pylon  
  101  7:18  Probe  
  101  7:22  Stalker x2  
  106  7:24  Probe x2  
  106  7:26  High Templar  
  106  7:28  Nexus  
  110  7:35  Probe, Gateway  
  111  7:41  Stalker  
  111  7:42  Shield Battery  
  111  7:43  Shield Battery  
  110  7:45  High Templar, Pylon  
  110  7:46  High Templar  
  114  7:53  Shield Battery  
  114  7:55  Shield Battery x2  
  114  7:56  Shield Battery  
  114  7:59  Shield Battery  
  114  8:00  Shield Battery  
  114  8:01  Shield Battery  
  114  8:02  Pylon  
  114  8:04  Stalker x3  
  103  8:14  Stalker  
  95  8:23  Zealot x2  
Tags
 
Add a new tag
Caveats
  • Supply blocks, unpowered buildings, or Contaminate may cause inaccurate times.
  • Supply counts are checked every 10 seconds.